 Dungeon Crawl Stone Soup version 0.13-a0-1804-g486adc7 (webtiles) character file.

151 Fv001 the Skirmisher (level 3, 0/33 HPs)
             Began as a Draconian Fighter on June 24, 2013.
             Slain by Grinder (10 damage)
             ... on Level 2 of the Dungeon.
             The game lasted 00:06:13 (1491 turns).

Fv001 the Skirmisher (Draconian Fighter)            Turns: 1491, Time: 00:06:13

HP   0/33        AC  7     Str 18      XL: 3   Next: 32%
MP   3/3         EV 10     Int  9      God:
Gold 110         SH 18     Dex 10      Spells:  0 memorised,  4 levels left

Res.Fire  : . . .   See Invis. : .   k - +0 flail
Res.Cold  : . . .   Warding    : .   (armour unavailable)
Life Prot.: + . .   Conserve   : .   c - +0 shield
Res.Poison: .       Res.Corr.  : .   (helmet restricted)
Res.Elec. : .       Clarity    : .   (no cloak)
Sust.Abil.: . .     Spirit.Shd : .   b - +0 pair of gauntlets
Res.Mut.  : .       Stasis     : .   d - +0 pair of boots
Res.Rott. : .       Flight     : .   (no amulet)
Saprovore : . . .                    (no ring)
                                     q - ring of life protection

@: not resistant to hostile enchantments, unstealthy
A: unfitting armour, AC +5
a: no special abilities


You were on level 2 of the Dungeon.
You were not hungry.

You visited 1 branch of the dungeon, and saw 3 of its levels.

You collected 90 gold pieces.

Inventory:

Hand weapons
 a - a +1,+0 mace
 k - a +0,+0 flail (weapon)
Missiles
 e - 33 darts (quivered)
 p - 45 stones
Armour
 b - a +0 pair of gauntlets (worn)
 c - a +0 shield (worn)
 d - a +0 pair of boots (worn)
Comestibles
 f - 2 bread rations
 i - a rotting chunk of adder flesh
 m - a meat ration
 r - a rotting chunk of rat flesh
Scrolls
 g - a scroll of remove curse
 h - a scroll of teleportation {unknown}
 l - a scroll of fog {unknown}
 o - a scroll of noise {unknown}
 u - a scroll of enchant weapon I
Jewellery
 q - a ring of life protection (left hand)
Potions
 j - a potion of restore abilities
 s - a potion of slowing {unknown}


   Skills:
 + Level 3.2 Fighting
 + Level 2.2 Maces & Flails
 + Level 2.9 Dodging
 * Level 1.0 Stealth
 + Level 3.2 Shields
 + Level 1.0 Traps
 * Level 1.3 Spellcasting


You had 4 spell levels left.
You didn't know any spells.

Dungeon Overview and Level Annotations

Branches:
Dungeon (3/27)

Altars:

Annotations
D:2 Grinder


Message History

Grinder hits you.
The hobgoblin hits you but does no damage.
Grinder hits you. The hobgoblin hits you. Grinder hits you but does no damage.
The hobgoblin hits you. Grinder gestures at you. Pain shoots through your body!
* * * LOW HITPOINT WARNING * * *
The hobgoblin hits you but does no damage.
You can move again.
Grinder hits you.
* * * LOW HITPOINT WARNING * * *
The hobgoblin closely misses you.
You climb upwards.
There is a stone staircase leading down here.
Drink which item? (? for menu, Esc to quit)
You feel better. Grinder closely misses you.
The hobgoblin hits you but does no damage.
You smell something rotten. (slot r)
You closely miss Grinder. Grinder hits you!
You die...

#.........##...#..).
#.........###.##....
#.............##....
#..................)
#.............###...
#...................
#.........###.###...
#.g.......# #.###...
#..@5.....# #.......
######.######.######
#.........<....
########.###### #.#
#.###### #.......
########


You could see Grinder and a hobgoblin.

Vanquished Creatures
  An adder (D:2)
  A giant gecko (D:2)
  An ooze (D:2)
  4 bats
  2 giant cockroaches
  3 goblins
  4 hobgoblins
  3 jackals (D:2)
  5 kobolds
  4 rats
28 creatures vanquished.

Vanquished Creatures (others)
  A rat (D:2)
1 creature vanquished.

Grand Total: 29 creatures vanquished

Notes
Turn   | Place    | Note
--------------------------------------------------------------
     0 | D:1      | Fv001, the Draconian Fighter, began the quest for the Orb.
     0 | D:1      | Reached XP level 1. HP: 19/19 MP: 0/0
   511 | D:1      | Reached XP level 2. HP: 26/26 MP: 1/1
   990 | D:2      | Reached skill level 1 in Spellcasting
  1165 | D:2      | Reached skill level 1 in Stealth
  1165 | D:2      | Reached XP level 3. HP: 33/33 MP: 2/2
  1454 | D:2      | Reached skill level 1 in Traps
  1479 | D:3      | Noticed Grinder
  1481 | D:3      | Paralysed by Grinder for 7 turns
  1491 | D:2      | Slain by Grinder

Action                   || total
-------------------------++-------
Melee: Mace              ||    51
       Flail             ||    31
Throw: Dart              ||     8
  Use: Scroll            ||     7
       Potion            ||     1
